Get step-by-step instructions on how to execute this build order below. Start the game timer, and the build order will tick by so you can play in parallel with StarCraft on a second screen or mobile device.

Game Time

  0:00

Last Step

  N/A

Next Step

Upcoming Step



Don't want to look back and forth between 2 screens? Try out our Overwolf App, the Spawning Tool Build Advisor to get an in-game overlay with this build!

Complete Build Order

  12  0:00  Probe  
  13  0:12  Probe  
  14  0:17  Pylon  
  14  0:24  Probe  
  15  0:35  Gateway  
  15  0:37  Probe (Chrono Boost)  
  15  0:41  Assimilator  
  16  0:46  Probe (Chrono Boost)  
  17  0:52  Probe  
  18  1:04  Probe  
  19  1:16  Probe  
  20  1:23  Cybernetics Core  
  20  1:33  Nexus  
  20  1:39  Pylon  
  20  1:41  Probe  
  21  1:47  Assimilator  
  21  1:53  Probe  
  22  1:56  Adept (Chrono Boost)  
  24  2:05  Probe  
  25  2:19  Stargate  
  25  2:20  Probe  
  25  2:21  Adept (Chrono Boost)  
  28  2:32  Probe  
  28  2:33  Warp Gate  
  30  2:44  Probe  
  30  2:45  Stalker  
  30  2:46  Probe  
  33  2:56  Probe  
  35  2:58  Shield Battery  
  35  3:01  Shield Battery  
  33  3:07  Oracle (Chrono Boost)  
  33  3:08  Probe  
  33  3:11  Probe  
  37  3:20  Pylon, Probe  
  37  3:23  Probe  
  39  3:32  Probe  
  40  3:35  Phoenix (Chrono Boost)  
  40  3:41  Probe  
  41  3:44  Probe  
  42  3:51  Phoenix (Chrono Boost)  
  42  3:53  Probe  
  45  3:56  Probe  
  46  4:05  Probe  
  46  4:08  Phoenix  
  46  4:09  Probe  
  50  4:18  Nexus  
  50  4:19  Probe  
  50  4:23  Probe  
  52  4:32  Stalker  
  52  4:35  Pylon  
  54  4:40  Pylon  
  54  4:47  Shield Battery  
  54  4:53  Probe x2, Pylon, Phoenix (Chrono Boost)  
  58  5:02  Stalker  
  58  5:05  Probe x2  
  60  5:11  Phoenix (Chrono Boost), Pylon  
  62  5:17  Probe x2  
  61  5:28  Twilight Council  
  61  5:29  Forge, Probe x2  
  61  5:33  Stalker  
  61  5:35  Probe  
  64  5:36  Assimilator  
  64  5:41  Probe x2  
  64  5:47  Probe  
  62  5:53  Probe (Chrono Boost)  
  62  5:54  Probe (Chrono Boost)  
  56  5:59  Stalker  
  56  6:02  Probe (Chrono Boost)  
  53  6:07  Probe (Chrono Boost)  
  53  6:11  Probe (Chrono Boost), Charge  
  55  6:15  Probe x2 (Chrono Boost)  
  54  6:19  Probe (Chrono Boost)  
  54  6:21  Probe  
  54  6:23  Stalker  
  54  6:24  Probe  
  58  6:27  Gateway  
  58  6:29  Gateway x2  
  58  6:30  Probe (Chrono Boost)  
  58  6:31  Gateway  
  59  6:35  Protoss Ground Armor Level 1 (Chrono Boost)  
  59  6:36  Probe (Chrono Boost)  
  59  6:37  Probe (Chrono Boost)  
  61  6:42  Phoenix (Chrono Boost), Probe (Chrono Boost)  
  61  6:46  Probe (Chrono Boost)  
  66  6:48  Probe x2 (Chrono Boost)  
  66  6:51  Probe (Chrono Boost)  
  68  6:54  Pylon  
  68  6:56  Probe (Chrono Boost)  
  68  6:58  Probe (Chrono Boost)  
  70  7:02  Probe (Chrono Boost)  
  70  7:03  Gateway, Phoenix  
  70  7:07  Gateway  
  74  7:09  Pylon  
  74  7:10  Assimilator  
  74  7:14  Probe x2 (Chrono Boost)  
  74  7:15  Robotics Facility, Probe (Chrono Boost)  
  76  7:21  Probe (Chrono Boost)  
  76  7:22  Sentry  
  79  7:23  Zealot  
  79  7:24  Zealot x2  
  79  7:27  Pylon  
  87  7:32  Probe  
  87  7:37  Pylon  
  87  7:38  Gateway  
  87  7:44  Nexus  
  86  7:46  Zealot x2, Pylon  
  86  7:50  Phoenix  
  92  7:53  Zealot x2  
  96  8:02  Warp Prism (Chrono Boost)  
  96  8:05  Robotics Bay  
  98  8:08  Zealot x3  
  104  8:16  Phoenix  
  106  8:20  Probe  
  106  8:26  Probe  
  106  8:27  Zealot x2  
  110  8:28  Zealot x2  
  110  8:30  Zealot x3  
  110  8:32  Probe  
  123  8:39  Probe  
  124  8:46  Zealot, Protoss Ground Weapons Level 1 (Chrono Boost)  
  126  8:49  Probe  
  126  8:54  Colossus (Chrono Boost)  
  127  8:57  Gateway  
  127  8:58  Gateway  
  127  8:59  Shield Battery  
  127  9:01  Zealot x3, Pylon  
  137  9:05  Extended Thermal Lance  
  137  9:12  Zealot x3  
  141  9:23  Shield Battery  
  131  9:28  Zealot x3  
  131  9:29  Zealot x2  
  131  9:31  Colossus (Chrono Boost)  
  131  9:35  Probe  
  138  9:45  Zealot x3  
  128  9:49  Zealot x4  
  118  9:53  Probe x2  
  118  9:54  Probe  
  118  9:56  Probe  
  112  10:01  Zealot  
  112  10:02  Zealot x2  
  110  10:09  Gateway  
  110  10:11  Zealot x4, Gateway  
  118  10:16  Zealot x2  
  118  10:17  Zealot, Photon Cannon  
  118  10:20  Forge  
  124  10:31  Zealot x5  
  130  10:36  Probe  
  130  10:37  Probe  
  130  10:41  Probe, Pylon  
  130  10:42  Zealot x2  
  134  10:47  Nexus, Pylon  
  112  10:50  Zealot x4  
  112  10:53  Probe x3  
  112  10:56  Zealot